Breaktrough vs Armored

Match 32373931
End
Construct Infanterie Kompanie
Selects Breakthrough Battlegroup
Selects Breakthrough Battlegroup
Selects Assault Grenadiers
Grenadier Squad
Grenadier Squad
MG 42 Machine Gun Team
Grenadier Squad
Infanterie Officer Quarters
Medical Station
Construct Panzergrenadier Kompanie
Pak 40 Anti-tank Gun Team
Panzergrenadier Squad
Selects Rapid Production
Construct Panzer Kompanie
Selects Blitzkrieg
Stoßtruppen Squad
Panzer IV Medium Tank
Panzer IV Medium Tank
Selects Panzer IV Command Tank Sd.Kfz. 161/1
Selects Smoke Bombing Run
Selects Incendiary Bombing Run
Incendiary Bombing Run
Panzer IV Command Tank
Incendiary Bombing Run
Pioneer Squad
Incendiary Bombing Run
Panzer IV Medium Tank
Msc1515
JZuna
Beef Stew on Wine with Rice
aSIIDemolitionHammer
0
0

Comments sign in to comment!

No comments posted yet!